 Dungeon Crawl Stone Soup version 0.31-a0-1074-g0b22e4e0f1 (webtiles) character file.

Game seed: 96429268528886475

12 bmb222 the Trooper (level 2, 0/24 HPs)
             Began as a Demonspawn Fighter on Nov 27, 2023.
             Constricted to death by a ball python (1 damage)
             ... on level 1 of the Dungeon.
             The game lasted 00:00:35 (743 turns).

bmb222 the Trooper (Demonspawn Fighter)              Turns: 743, Time: 00:00:36

Health: 0/24       AC:  6    Str: 16    XL:     2   Next: 20%
Magic:  2/2        EV:  5    Int:  9    God:
Gold:   9          SH:  4    Dex: 12    Spells: 1/1 levels left

rFire   . . .        a - +0 long sword
rCold   . . .        c - +0 buckler
rNeg    . . .        b - +0 scale mail
rPois   .            (no helmet)
rElec   .            (no cloak)
rCorr   .            (no gloves)
SInv    .            (no boots)
Will    .....        (no amulet) Stlth
                     (no ring)
HPRegen 0.24/turn    (no ring)
MPRegen 0.08/turn

%: no passive effects
@: constricted
A: demonic magic 1
a: no special abilities


You were on level 1 of the Dungeon.
You visited 1 branch of the dungeon, and saw 1 of its levels.

You collected 9 gold pieces.

Inventory:

Hand Weapons
 a - a +0 long sword (weapon)
Armour
 b - a +0 scale mail (worn)
 c - a +0 buckler (worn)
Scrolls
 e - a scroll of vulnerability {unknown}
 f - a scroll of identify {unknown}
Potions
 d - a potion of might


   Skills:
 + Level 3.1 Fighting
 * Level 2.1 Long Blades
 + Level 2.8 Armour
 + Level 2.8 Shields


You had one spell level left.
You didn't know any spells.
Your spell library was empty.

Dungeon Overview and Level Annotations

Branches:
Dungeon (1/15)

Altars:


Innate Abilities, Weirdness & Mutations

Spells you cast may paralyse adjacent enemies.


Message History

The ball python bites you but does no damage.
The ball python constricts you. You block the ball python's attack.
The ball python constricts you. The ball python bites you.
* * * LOW HITPOINT WARNING * * *
The ball python constricts you.
The ball python bites you but does no damage.
The ball python constricts you. The ball python barely misses you.
The ball python constricts you.
* * * LOW HITPOINT WARNING * * *
The ball python bites you.
* * * LOW HITPOINT WARNING * * *
The ball python constricts you.
The ball python bites you but does no damage.
The ball python constricts you.
The ball python bites you but does no damage.
The ball python constricts you.
The ball python bites you but does no damage.
The ball python constricts you.
The ball python bites you but does no damage.
The ball python constricts you.
The ball python bites you but does no damage.
The ball python constricts you. The ball python bites you.
* * * LOW HITPOINT WARNING * * *
The ball python constricts you.
* * * LOW HITPOINT WARNING * * *
The ball python closely misses you. The ball python constricts you.
The ball python bites you.
* * * LOW HITPOINT WARNING * * *
The ball python constricts you. The ball python barely misses you.
The ball python constricts you. The ball python barely misses you.
The ball python constricts you. The ball python barely misses you.
The ball python constricts you.
* * * LOW HITPOINT WARNING * * *
The ball python bites you but does no damage.
The ball python constricts you.
The ball python bites you but does no damage.
The ball python constricts you.
You die...

#...>.......##
....
............+.
#...
#...........##
#..# #..#.......##
##..###..##..>..##
....... ##...##
... ##'######
#S#########.##....
#@.......##.##.###
#.######.##.##.#
#.# ####.#...#.###
#.###.............
#.....##.#...#.###
#.######.##.##.#
#.# #.##)##.. #.#
#.##.##### #..
..##.#


You could see a ball python.

Vanquished Creatures
  A dart slug (D:1)
  A giant cockroach (D:1)
  A goblin (D:1)
  3 kobolds (D:1)
  A quokka (D:1)
  A ball python (D:1)
  2 rats (D:1)
10 creatures vanquished.

Notes
Turn   | Place    | Note
-------+----------+-------------------------------------------
     0 | D:1      | bmb222 the Demonspawn Fighter began the quest for the Orb.
     0 | D:1      | Reached XP level 1. HP: 18/18 MP: 1/1
   114 | D:1      | Gained mutation: Spells you cast may paralyse adjacent
                  | enemies. [demonic ancestry]
   114 | D:1      | Reached XP level 2. HP: 14/24 MP: 2/2
   738 | D:1      | HP: 1/24 [ball python (1)]
   743 | D:1      | Constricted to death by a ball python

Illustrated notes

Levels and vault maps discovered:
D:1:      lemuel_arrival_funnel, layout_loops_corners,
          nicolae_twisty_statue_hallways

Skill      XL: |  1 |
---------------+----+-----
Long Blades    | 2 |  2.1
Fighting       | |  3.1
Armour         | |  2.8
Shields        | |  2.8

Action                     || total
---------------------------++-------
  Melee: Long sword        ||    31
 Armour: Scale mail        ||   185
  Dodge: Dodged            ||    96
  Block: Buckler           ||    49

Table legend: (Time is in decaauts)
 A = Elapsed time spent in this place.
 B = Non-inter-level travel time spent in this place.
 C = Inter-level travel time spent in this place.
 D = Time resting spent in this place.
 E = Time spent auto-exploring this place.
 F = Levels seen in this place.
 G = Mean time per level.
                   A        B        C        D        E       F      G
               +--------+--------+--------+--------+--------+-----+--------+
         Total |    754 |    754 |      0 |      0 |    344 |   1 |  754.0 |
       Dungeon |    754 |    754 |      0 |      0 |    344 |   1 |  754.0 |
               +--------+--------+--------+--------+--------+-----+--------+

Top non-repeatable levels by time:
     D:1: 754 daAuts
